 Dungeon Crawl Stone Soup version 0.18-a0-425-ge088ad1 (webtiles) character file.

176 benitares the Spear-Bearer (level 5, -4/38 HPs)
             Began as a Merfolk Gladiator on Nov 30, 2015.
             Killed themself with a badly aimed fireball (9 damage)
             ... on level 2 of the Dungeon.
             The game lasted 00:07:17 (2417 turns).

benitares the Spear-Bearer (Merfolk Gladiator)      Turns: 2417, Time: 00:07:17

Health: -4/38      AC:  5    Str: 15    XL:     5   Next: 56%
Magic:  5/5        EV: 14    Int:  7    God:
Gold:   197        SH:  0    Dex: 16    Spells: 0 memorised, 4 levels left

rFire  . . .     SeeInvis .     a - +1 trident
rCold  . . .     Clarity  .     b - +0 leather armour
rNeg   . . .     SustAt   .     (no shield)
rPois  .         Gourm    .     j - +1 helmet
rElec  .         Spirit   .     (no cloak)
rCorr  .         Dsmss    .     (no gloves)
rMut   .         Stasis   .     (no boots)
MR     .....                    (no amulet)
Stlth  +.........               (no ring)
                                (no ring)

@: confused, not resistant to hostile enchantments, very unstealthy
A: change form in water, swift swim
a: no special abilities


You were on level 2 of the Dungeon.
You were not hungry.

You visited 1 branch of the dungeon, and saw 2 of its levels.

You collected 197 gold pieces.

Inventory:

Hand Weapons
 a - a +1 trident (weapon)
Missiles
 d - 2 throwing nets (quivered)
Armour
 b - a +0 leather armour (worn)
 j - a +1 helmet (worn)
Jewellery
 m - an uncursed ring of sustain attributes {unknown}
Wands
 h - a wand of fireball (3)
 n - a wand of slowing (26)
Scrolls
 f - 5 scrolls of remove curse {unknown}
 i - a scroll of identify
 k - a scroll of blinking {unknown}
 l - a scroll of noise {unknown}
Comestibles
 e - 2 bread rations
 g - a slice of pizza


   Skills:
 - Level 2.1 Fighting
 + Level 8.8 Polearms
 - Level 2.0 Throwing
 - Level 4.0 Dodging


You had 4 spell levels left.
You didn't know any spells.

Dungeon Overview and Level Annotations

Branches:
Dungeon (2/15)

Altars:
Cheibriados

Annotations:
D:2 Sigmund


Message History

Evoke which item? (* to show all) (? for menu, Esc to quit)
Zapping:
h - a wand of fireball {zapped: 3} (will waste charges)
Press: ? - help, Shift-Dir - straight line, f/p - Sigmund
Aim: Sigmund, wielding a scythe and wearing a robe (lightly wounded)
The fireball explodes!
Evoking this partially-identified wand wasted a few charges.
You're too confused to move!
Sigmund whispers, "You'll know eternity soon."
Sigmund hits you from afar with a scythe.
* * * LOW HITPOINT WARNING * * *
You're too confused!
You aren't carrying any potions.
Unknown command.
Unknown command.
Evoke which item? (* to show all) (? for menu, Esc to quit)
Zapping:
h - a wand of fireball {zapped: 5} (will waste charges)
Press: ? - help, Shift-Dir - straight line, f/p - Sigmund
Aim: Sigmund, wielding a scythe and wearing a robe (lightly wounded)
The fireball explodes!
The fireball engulfs you!
You die...

.#######...........#....#......##
#.............##.#........
####......................###
#...............#.##.##'#.##.
##........###....#.##..#†#.##.
#................#.##..#.#....
#.......#.....................
####.......#.............#..##...
..............@.@.....<..#.>##...
..............###.....[..#....(..
........)(....# #........#.......
..##.......#### #........#.....#.
######### #........#.#####.
#..[.###.).# ## #....# ###.#
#....# #.# ### #....# #.# #..


You could see Sigmund.

Vanquished Creatures
  Terence (D:2)
  Natasha (thrice) (D:2)
  5 adders (D:2)
  A gnoll (D:2)
  2 oozes (D:1)
  A worm (D:2)
  3 bats
  4 giant cockroaches
  12 goblins
  4 hobgoblins
  2 jackals (D:1)
  A ball python (D:1)
  A giant gecko (D:1)
  4 giant newts
  5 kobolds
  4 rats
53 creatures vanquished.

Notes
Turn   | Place    | Note
--------------------------------------------------------------
     0 | D:1      | benitares the Merfolk Gladiator began the quest for the Orb.
     0 | D:1      | Reached XP level 1. HP: 16/16 MP: 1/1
    34 | D:1      | Reached skill level 5 in Polearms
    34 | D:1      | Reached XP level 2. HP: 16/22 MP: 2/2
   559 | D:1      | Reached XP level 3. HP: 22/27 MP: 3/3
   594 | D:1      | Reached skill level 6 in Polearms
   915 | D:2      | Noticed Natasha
   927 | D:2      | Killed Natasha
   927 | D:2      | Reached skill level 7 in Polearms
   927 | D:2      | Reached XP level 4. HP: 20/33 MP: 4/4
  1183 | D:2      | Noticed Natasha
  1211 | D:2      | Killed Natasha
  1791 | D:2      | Noticed Terence
  1812 | D:2      | Noticed Natasha
  1813 | D:2      | Killed Terence
  1813 | D:2      | Reached skill level 8 in Polearms
  1813 | D:2      | Reached XP level 5. HP: 32/38 MP: 5/5
  1819 | D:2      | Killed Natasha
  2028 | D:2      | Found a faded altar to an unknown god.
  2232 | D:2      | Found a snail-covered altar of Cheibriados.
  2392 | D:2      | Noticed Sigmund
  2417 | D:2      | Killed themself with a badly aimed fireball

Vault maps used:
D:1:      dpeg_arrival_tiny_k, minmay_tree_intersection, minivault_19
D:2:      gammafunk_temple_overflow_elements, cheibriados_altar_wand_db,
          ecumenical_altar_1, uniq_sigmund, uniq_natasha, uniq_terence

Action                   |  1- 3 |  4- 6 || total
-------------------------+-------+-------++-------
Melee: Trident           |    92 |   105 ||   197
Throw: Throwing net      |       |     1 ||     1
Evoke: Wand              |       |     2 ||     2
  Use: Scroll            |     3 |       ||     3
       Potion            |       |     1 ||     1
  Eat: Chunk             |       |     5 ||     5
